 Dungeon Crawl Stone Soup version 0.23.0-28-g6fe0f4d (webtiles) character file.

Game seed: 5265037625549393791

560 Lavandula the Ruffian (level 7, -9/62 HPs)
             Began as a Troll Wanderer on Feb 25, 2019.
             Killed from afar by an orc wizard (12 damage)
             ... with a puff of flame
             ... on level 5 of the Dungeon.
             The game lasted 00:05:42 (2370 turns).

Lavandula the Ruffian (Troll Wanderer)              Turns: 2370, Time: 00:05:43

Health: -9/62      AC:  9    Str: 23    XL:     7   Next: 9%
Magic:  6/6        EV: 10    Int:  9    God:
Gold:   186        SH:  0    Dex: 10    Spells: 6/6 levels left

rFire    . . .     SeeInvis .     - Unarmed
rCold    . . .     Gourm    +   (no shield)
rNeg     . . .     Faith    .   e - +0 robe
rPois    .         Spirit   .   (helmet restricted)
rElec    .         Reflect  .   n - +2 cloak
rCorr    .         Harm     .   (gloves unavailable)
MR       .....                  (boots unavailable)
Stlth    +.........             (no amulet)
HPRegen  0.60/turn              f - +2 ring of intelligence
MPRegen  0.10/turn              (no ring)

@: confused, lethally poisoned (-9 -> -9)
A: large, unfitting armour, claws 3, fast metabolism 3, gourmand, regeneration
1, shaggy fur 1, tough skin 3
a: no special abilities


You were on level 5 of the Dungeon.
You were full.

You visited 1 branch of the dungeon, and saw 5 of its levels.
You also visited: Sewer.

You collected 186 gold pieces.

Inventory:

Missiles
 r - 3 tomahawks of returning (quivered)
Armour
 e - a +0 robe (worn)
 m - a +0 large shield
 n - a +2 cloak (worn)
Jewellery
 f - a +2 ring of intelligence (left claw)
Wands
 t - a wand of iceblast (10)
Scrolls
 a - 2 scrolls of blinking {unknown}
 d - 6 scrolls of teleportation
 h - 3 scrolls of random uselessness {unknown}
 l - 6 scrolls of remove curse {unknown}
 p - 2 scrolls of identify {unknown}
Potions
 b - 2 potions of might {unknown}
 c - 8 potions of curing
 i - 3 potions of cancellation {unknown}
 j - a potion of brilliance {unknown}
 k - 2 potions of agility {unknown}
 o - 2 potions of mutation {unknown}
 q - a potion of berserk rage {unknown}
 s - 2 potions of heal wounds {unknown}
Comestibles
 g - 12 rations


   Skills:
 - Level 1.5 Fighting
   Level 1.0 Bows
 - Level 2.4 Dodging
 - Level 1.5 Stealth
 + Level 7.5 Unarmed Combat


You had 6 spell levels left.
You didn't know any spells.
Your spell library was empty.

Dungeon Overview and Level Annotations

Branches:
Dungeon (5/15)
 Temple: D:4-7

Altars:
Elyvilon
Nemelex Xobeh


Innate Abilities, Weirdness & Mutations

You are too large for most types of armour.
You have claws for hands.
Your metabolism is lightning-fast.
You like to eat raw meat.
Your natural rate of healing is unusually fast.
You are covered in fur. (AC +1)
You have extremely tough skin. (AC +3)


Message History

You feel sick.
You feel less confused.
You hear some strange, mumbled words.
You are confused.
You feel sick.
You hear some strange, mumbled words.
A puff of flame appears from out of thin air!
The puff of flame hits you.
* * * LOW HITPOINT WARNING * * *
You feel sick.
A magic dart appears from out of thin air!
The magic dart hits you.
* * * LOW HITPOINT WARNING * * *
You bump into the rock wall.
You feel sick. Something hits you but does no damage.
You completely miss something.
You feel sick.
You hear some strange, mumbled words.
A puff of flame appears from out of thin air!
The puff of flame hits you!
You die...

## #####.# #.
#.@...######### #.
...######.##..........####.
.......)...?.............'.
......†##.#.........#.####.
)...... #.#######.###.##...
%.....> #.# ##.....##...
....... #.######.......#...
.....h. #......'.......#...
....?.. ########.......####


There were no monsters in sight!

Vanquished Creatures
  Edmund (D:4)
  A crocodile (Sewer)
  A howler monkey (D:5)
  An orc wizard (D:5)
  Terence (D:3)
  Natasha (twice) (D:3)
  3 worker ants
  7 adders
  3 oozes
  An adder skeleton (D:4)
  An adder zombie (D:5)
  A worm (D:3)
  A dart slug (D:5)
  A leopard gecko (D:2)
  7 orcs
  4 giant cockroaches
  4 goblins
  5 hobgoblins
  7 jackals
  10 kobolds
  2 quokkas
  3 ball pythons
  8 bats
  9 frilled lizards
  A leopard gecko zombie (D:5)
  4 rats
89 creatures vanquished.

Notes
Turn   | Place    | Note
-------+----------+-------------------------------------------
     0 | D:1      | Lavandula the Troll Wanderer began the quest for the Orb.
     0 | D:1      | Lavandula set off with the following items: a +2 shortbow,
                  | 22 arrows, a potion of curing, a scroll of teleportation, a
                  | +0 robe, a +0 dagger, 2 rations
     0 | D:1      | Reached XP level 1. HP: 19/19 MP: 0/0
    53 | D:1      | Reached skill level 1 in Unarmed Combat
    87 | D:1      | Reached XP level 2. HP: 27/27 MP: 1/1
   184 | D:1      | Reached skill level 2 in Unarmed Combat
   322 | D:1      | Found a sparkling altar of Nemelex Xobeh.
   656 | D:2      | Reached XP level 3. HP: 33/33 MP: 2/2
   698 | D:2      | Reached skill level 3 in Unarmed Combat
  1082 | D:3      | Reached XP level 4. HP: 41/41 MP: 3/3
  1115 | D:3      | Found a white marble altar of Elyvilon.
  1280 | D:3      | Noticed Natasha
  1286 | D:3      | Killed Natasha
  1286 | D:3      | Reached skill level 4 in Unarmed Combat
  1335 | D:3      | Noticed Terence
  1343 | D:3      | Killed Terence
  1445 | D:3      | Noticed Natasha
  1455 | D:3      | Killed Natasha
  1455 | D:3      | Reached XP level 5. HP: 32/48 MP: 4/4
  1590 | D:4      | Reached skill level 5 in Unarmed Combat
  1622 | D:4      | Noticed Edmund
  1694 | D:4      | Killed Edmund
  1694 | D:4      | Reached XP level 6. HP: 33/55 MP: 5/5
  1718 | D:4      | Reached skill level 6 in Unarmed Combat
  1765 | D:4      | Found a glowing drain.
  1782 | Sewer    | Entered a sewer
  2203 | D:5      | Entered Level 5 of the Dungeon
  2250 | D:5      | Reached skill level 7 in Unarmed Combat
  2347 | D:5      | Reached XP level 7. HP: 62/62 MP: 6/6
  2368 | D:5      | HP: 3/62 [poisoned by an orc wizard]
  2370 | D:5      | Killed from afar by an orc wizard

Skill      XL: |  1  2  3  4  5  6 |
---------------+-------------------+-----
Unarmed Combat | 1 2 3 4 5 7 |  7.5
Fighting       | |  1.5
Bows           | |  1.0
Dodging        | |  2.4
Stealth        | |  1.5

Action                   |  1- 3 |  4- 6 |  7- 9 || total
-------------------------+-------+-------+-------++-------
Melee: Unarmed           |   105 |   145 |    14 ||   264
       Punch             |       |     6 |     1 ||     7
 Stab: Sleeping          |     3 |     1 |       ||     4
  Eat: Chunk             |    14 |    10 |       ||    24
Armor: Robe              |    40 |    45 |       ||    85
Dodge: Dodged            |    55 |    61 |     1 ||   117
